 Seeded DCSS version 0.27-a0-1200-g94dc6ad4cf (webtiles) character file.

Game seed: 8282251078768531817 (custom seed)

151290 flotson the Covert (level 17, -8/136 HPs)
             Began as a Gnoll Delver on May 30, 2021.
             Was an Initiate of Gozag.
             Killed from afar by a deep elf pyromancer (27 damage)
             ... with a bolt of fire
             ... on level 1 of the Elven Halls.
             The game lasted 01:29:28 (36247 turns).

flotson the Covert (Gnoll Delver)                  Turns: 36247, Time: 01:29:29

Health: -8/136     AC: 21    Str: 24    XL:     17   Next: 55%
Magic:  32/32      EV: 22    Int: 11    God:    Gozag
Gold:   1362       SH: 20    Dex: 21    Spells: 24/39 levels left

rFire    . . .     SeeInvis +   a - +4 broad axe (vorpal)
rCold    . . .     Faith    .   O - +1 tower shield {rF+}
rNeg     + . .     Spirit   .   J - +4 acid dragon scales "Mukluk" {rPois rF- Will+ rCorr Dex+3}
rPois    +         Reflect  .   m - +2 helmet of the Shoals {-Tele Will++}
rElec    +         Harm     .   M - +0 cloak "Gudidos" {rElec rN+ Int-4 Dex+4}
rCorr    +         Rampage  .   K - +2 pair of gloves {Str+3}
Will     ++++.     NoTele   +   (no boots)
Stlth    +++++.....             A - amulet "Ydejar" {RegenMP Contam Slay+3 SInv}
HPRegen  0.32/turn              k - ring of the Establishment {Fly EV+4 Str+3 Int+5 Stlth-}
MPRegen  0.48/turn              E - +4 ring of slaying

@: gold aura, flying
A: fangs 1, strong nose, distributed training
a: Renounce Religion, Potion Petition, Call Merchant, Bribe Branch


You were on level 1 of the Elven Halls.
You worshipped Gozag.
Gozag was most pleased with you.
You visited 5 branches of the dungeon, and saw 25 of its levels.
You visited the Abyss 1 time.
You also visited: Bailey, Gauntlet and Ice Cave.

You collected 11650 gold pieces.
You spent 5814 gold pieces at shops.
You paid 4474 gold pieces to Gozag.

Inventory:

Hand Weapons
 a - a +4 vorpal broad axe (weapon)
 b - the +6 hunting sling of Forgiveness {vorpal, SInv}
   (You found it on level 5 of the Lair of Beasts)

   Any stone fired from it inflicts extra damage.
   It lets you see invisible.
 n - the +0 staff of Battle
   (You acquired it on level 14 of the Dungeon)
 X - a +0 vampiric war axe
Missiles
 p - 5 throwing nets
 r - 47 sling bullets
 s - 18 javelins (quivered)
 P - 5 curare-tipped darts
 Y - 5 silver boomerangs
Armour
 m - the +2 helmet of the Shoals (worn) {-Tele Will++}
   (You found it in a Gauntlet)

   It prevents most forms of teleportation.
   It greatly increases your willpower.
 J - the +4 acid dragon scales "Mukluk" (worn) {rPois rF- Will+ rCorr Dex+3}
   (You bought it in a shop on level 2 of the Orcish Mines)

   It affects your dexterity (+3).
   It makes you vulnerable to fire.
   It protects you from poison.
   It protects you from acid and corrosion.
   It increases your willpower.
 K - a +2 pair of gloves of strength (worn)
 M - the +0 cloak "Gudidos" (worn) {rElec rN+ Int-4 Dex+4}
   (You found it in a Gauntlet)

   It affects your intelligence (-4).
   It affects your dexterity (+4).
   It insulates you from electricity.
   It protects you from negative energy.
 O - a +1 tower shield of fire resistance (worn)
Jewellery
 k - the ring of the Establishment (left hand) {Fly EV+4 Str+3 Int+5 Stlth-}
   (You acquired it on level 14 of the Dungeon)

   [ring of evasion]

   It affects your evasion (+4).
   It affects your strength (+3).
   It affects your intelligence (+5).
   It grants you flight.
   It makes you less stealthy.
 z - a ring of protection from fire
 A - the amulet "Ydejar" (around neck) {RegenMP Contam Slay+3 SInv}
   (You took it off a minotaur in a Gauntlet)

   [amulet of magic regeneration]

   It increases your rate of magic regeneration.
   It affects your accuracy and damage with ranged weapons and melee attacks
   (+3).
   It lets you see invisible.
   It causes magical contamination when unequipped.
 C - a ring of poison resistance
 E - a +4 ring of slaying (right hand)
Wands
 g - a wand of digging (26)
 o - a wand of paralysis (11)
 x - a wand of mindburst (10)
 G - a wand of charming (12)
 I - a wand of flame (20)
 S - a wand of acid (2)
 Z - a wand of iceblast (36)
Scrolls
 c - a scroll of blinking
 e - 6 scrolls of fear
 q - 3 scrolls of magic mapping
 u - 4 scrolls of immolation
 v - 3 scrolls of holy word
 y - 19 scrolls of teleportation
 B - 4 scrolls of vulnerability
 H - 10 scrolls of summoning
 Q - a scroll of torment
 T - 2 scrolls of silence
 U - 4 scrolls of fog
 V - 2 scrolls of enchant armour
Potions
 d - a potion of berserk rage
 f - 7 potions of haste
 h - 8 potions of heal wounds
 i - 13 potions of curing
 j - 4 potions of attraction
 t - 2 potions of ambrosia
 w - 5 potions of might
 D - 3 potions of lignification
 F - a potion of resistance
Miscellaneous
 l - a condenser vane
 N - a piece from Xom's chessboard (15/15)
 R - a lightning rod (4/4)
 W - a phial of floods


   Skills:
 + Level 13.0 Fighting
 + Level 11.6 Short Blades
 + Level 11.6 Long Blades
 + Level 11.6 Axes
 + Level 11.6 Maces & Flails
 + Level 12.3 Polearms
 + Level 11.6 Staves
 + Level 11.6 Slings
 + Level 11.6 Bows
 + Level 11.6 Crossbows
 + Level 11.6 Throwing
 + Level 11.6 Armour
 + Level 12.3 Dodging
 + Level 14.4 Stealth
 + Level 11.6 Shields
 + Level 11.6 Unarmed Combat
 + Level 11.6 Spellcasting
 + Level 9.9 Conjurations
 + Level 9.9 Hexes
 + Level 9.9 Summonings
 + Level 9.9 Necromancy
 + Level 9.9 Translocations
 + Level 9.9 Transmutations
 + Level 9.9 Fire Magic
 + Level 9.9 Ice Magic
 + Level 9.9 Air Magic
 + Level 9.9 Earth Magic
 + Level 9.9 Poison Magic
 + Level 12.5 Invocations
 + Level 11.6 Evocations


You had 24 spell levels left.
You knew the following spells:

 Your Spells              Type           Power      Damage    Failure   Level
a - Mephitic Cloud        Conj/Pois/Air  28%        N/A       3%          3
b - Olgreb's Toxic Radia  Pois           28%        N/A       13%         4
c - Ignite Poison         Fire/Tmut/Pois 28%        N/A       3%          3
d - Passwall              Tmut/Erth      23%        N/A       1%          2
e - Swiftness             Air            28%        N/A       3%          3

Your spell library contained the following spells:

 Spells                   Type           Power      Damage    Failure   Level
 Foxfire                  Conj/Fire      100%       2x1d9     1%          1
 Freeze                   Ice            100%       1d11      1%          1
 Sandblast                Erth           56%        2d13      1%          1
 Shock                    Conj/Air       100%       1d9       1%          1
 Sting                    Tmut/Pois      100%       1d8       1%          1
 Poisonous Vapours        Pois/Air       56%        N/A       1%          2
 Static Discharge         Conj/Air       28%        N/A       1%          2
 Conjure Flame            Conj/Fire      28%        6-21      3%          3
 Frozen Ramparts          Ice            56%        1d7       3%          3
 Inner Flame              Hex/Fire       28%        N/A       3%          3
 Ozocubu's Armour         Ice            28%        N/A       3%          3
 Stone Arrow              Conj/Erth      56%        3d10      3%          3
 Airstrike                Air            14%        N/A       13%         4
 Hailstorm                Conj/Ice       28%        3d8       13%         4
 Petrify                  Tmut/Erth      28%        N/A       13%         4
 Sticky Flame             Conj/Fire      28%        2d5       13%         4
 Fireball                 Conj/Fire      14%        3d8       34%         5
 Irradiate                Conj/Tmut      14%        3d18      34%         5
 Lee's Rapid Deconstruct  Erth           14%        3d10*     34%         5
 Lightning Bolt           Conj/Air       14%        1d27      34%         5
 Metabolic Englaciation   Hex/Ice        14%        N/A       34%         5
 Blade Hands              Tmut           14%        N/A       89%         6
 Statue Form              Tmut/Erth      18%        N/A       89%         6
 Dragon Form              Tmut           14%        N/A       100%        7
 Malign Gateway           Summ/Tloc      14%        N/A       100%        7


Dungeon Overview and Level Annotations

Branches:
Dungeon (15/15)            Temple (1/1) D:5            Lair (6/6) D:10
 Shoals (0/4) Lair:3        Snake (0/4) Lair:2        Slime (0/5) Lair:6
    Orc (2/2) D:11            Elf (1/3) Orc:2        Vaults (0/5) D:14
 Depths (0/5) D:15         Bailey (visited)           IceCv (visited)
Gauntlet (visited)

Altars:
Ashenzari
Dithmenos
Elyvilon
Fedhas
Gozag
Hepliaklqana
Kikubaaqudgha
Makhleb
Nemelex Xobeh
Okawaru
Sif Muna
Vehumet
Yredelemnul
Zin
The Shining One

Shops:
D:3 [   D:6 [   D:12 :   Orc:2 (**[*((   Elf:1 (

Annotations:
Abyss:1 Prince Ribbit


Innate Abilities, Weirdness & Mutations

You have very sharp teeth.
Your uncanny sense of smell can sniff out nearby items.
Your experience applies equally to all skills.


Message History

* * * LOW HITPOINT WARNING * * *
The fire elemental closely misses you.
You slice the deep elf pyromancer!!
You kill the deep elf pyromancer!
The fire elemental disappears in a puff of smoke! x3
You slash the fire elemental! You miss the deep elf knight.
You block the fire elemental's attack.
The deep elf knight points at you and mumbles some strange words.
You block the shard of ice.
The deep elf zephyrmancer casts a spell at you.
The bolt of lightning misses you. The fire elemental barely misses you.
The deep elf knight completely misses you.
The deep elf pyromancer hits you but does no damage.
You hit the deep elf pyromancer.
The deep elf pyromancer is severely wounded.
You hit the fire elemental.
You destroy the fire elemental!
You slash the deep elf knight!
You kill the deep elf knight!
You slash the deep elf pyromancer!
You block the deep elf pyromancer's attack.
The deep elf zephyrmancer becomes distracted by the nearby gold, dreaming of imaginary riches.
A deep elf pyromancer comes into view. It is wielding a +0 long sword.
The deep elf pyromancer mumbles some strange words.
The deep elf pyromancer blinks!
The deep elf zephyrmancer shouts!
Things that are here:
8 gold pieces; a +0 short sword; a +0 leather armour The deep elf zephyrmancer is no longer distracted by gold.
The deep elf zephyrmancer casts a spell at you.
The bolt of lightning hits you! You resist.
* * * LOW HITPOINT WARNING * * *
The deep elf pyromancer gestures at you while chanting.
You block the sticky flame.
The deep elf zephyrmancer gestures wildly while chanting.
The deep elf zephyrmancer blinks!
The deep elf pyromancer points at you and mumbles some strange words.
The bolt of fire hits you!!
You die...
Your body crumbles into a pile of gold.

### ..# #.# #.#
### ##.####.##
.......#.#########
.#.##.###........#
...###.#.####.##.#
.)## ###########@#
..#$ #.....#..#
.## ∆ #.$$#e.# .#
+....#e.§# .#
#..e$#$.## +#
#...#e..#
#...#.e.#
....#....#
....e#..###


You could see 2 deep elf pyromancers and 2 deep elf zephyrmancers.

Vanquished Creatures
  Jorgrun (D:13)
  Gastronok (Lair:1)
  Kirke (D:13)
  A frost giant (IceCv)
  2 deep elf sorcerers (Elf:1)
  A deep elf demonologist (Elf:1)
  A minotaur (Gauntlet)
  Snorg (Lair:3)
  Erolcha (Orc:2)
  8 vault guards
  5 centaur warriors
  An ogre mage (D:11)
  8 hydras
  4 boulder beetles
  3 catoblepae
  7 two-headed ogres
  2 death knights
  Urug (Orc:1)
  A tengu warrior (D:13)
  9 death yaks
  5 orc high priests (Orc:2)
  Sonja (Orc:2)
  4 deep elf knights (Elf:1)
  3 skeletal warriors
  A flayed ghost (D:15)
  A wizard (Elf:1)
  3 deep elf archers (Elf:1)
  A necromancer (D:15)
  Pikel (D:7)
  8 orc knights
  3 phantasmal warriors
  12 deep elf pyromancers
  3 deep elf zephyrmancers (Elf:1)
  A stone giant zombie (D:15)
  A lindwurm (Lair:6)
  A wolf spider (D:15)
  24 ugly things
  6 cyclopes
  2 oklob plants (Lair:5)
  4 manticores
  A spriggan zombie (D:15)
  An ice statue (IceCv)
  34 elephants
  13 black mambas
  13 cane toads
  2 gargoyles
  An unseen horror (D:11)
  3 yaktaurs (D:15)
  2 minotaur zombies (Gauntlet)
  Maggie (D:7)
  An efreet (D:11)
  A kobold demonologist (D:9)
  6 rime drakes
  11 komodo dragons
  A freezing wraith (D:14)
  2 tengu conjurers
  23 polar bears
  Grinder (D:3)
  17 blink frogs
  A troll (D:12)
  A merfolk (Lair:3)
  2 hornets (D:9)
  A deep troll zombie (D:15)
  5 slime creatures
  A fire dragon zombie (D:15)
  An air elemental (Elf:1)
  A centaur simulacrum (D:15)
  3 hogs
  5 wraiths
  5 wyverns
  70 yaks
  A vampire (D:14)
  5 basilisks
  A steam dragon (Lair:2)
  A fire elemental (Elf:1)
  10 vampire mosquitoes (D:13)
  Menkaure (D:5)
  A harpy simulacrum (D:14)
  4 nagas (Lair:2)
  4 acid dragons
  15 water moccasins
  An ice beast (D:6)
  A sky beast (D:5)
  2 black bears
  39 orc warriors
  3 necrophages
  16 wolves
  10 ogres
  A boggart (Elf:1)
  16 centaurs
  A phantom (D:5)
  A lemure (D:7)
  A kobold brigand (D:8)
  18 bullfrogs
  3 gnoll sergeants
  An earth elemental (Elf:1)
  2 scorpions
  A wyvern zombie (D:7)
  A wyvern skeleton (D:7)
  4 killer bees (D:11)
  3 wights (D:6)
  5 electric eels
  5 howler monkeys
  4 centaur zombies
  A bullfrog zombie (D:6)
  12 jellies
  2 hounds (D:5)
  2 bullfrog skeletons
  27 orc priests
  2 gnoll shamans
  Jessica (D:3)
  15 iguanas
  15 orc wizards
  A hound skeleton (D:4)
  3 howler monkey zombies
  2 howler monkey skeletons
  22 gnolls
  3 adders (D:2)
  An ufetubus (D:5)
  An adder zombie (D:5)
  2 worms (D:2)
  A dart slug (D:4)
  74 orcs
  17 endoplasms
  6 giant cockroaches
  11 goblins
  5 hobgoblins
  6 jackals
  9 kobolds
  3 quokkas
  11 ball pythons
  5 bats
  16 frilled lizards
  6 rats
838 creatures vanquished.

Vanquished Creatures (others)
  3 dancing weapons (Elf:1)
  A deep elf knight (Elf:1)
  A yak (Lair:6)
  A wolf (IceCv)
  A bush (Lair:5)
  A demonic plant (Gauntlet)
  43 fungi
  89 plants
  2 withered plants (D:15)
142 creatures vanquished.

Grand Total: 980 creatures vanquished

Notes
Turn   | Place    | Note
-------+----------+-------------------------------------------
     0 | D:5      | Reached skill level 9 in Stealth
     0 | D:5      | flotson the Gnoll Delver began the quest for the Orb.
     0 | D:5      | Reached XP level 1. HP: 23/23 MP: 1/1
    42 | D:4      | Noticed an iguana
    42 | D:4      | Noticed an iguana
   318 | D:4      | Reached XP level 2. HP: 3/29 MP: 1/3
   318 | D:4      | Reached XP level 3. HP: 4/35 MP: 1/4
   386 | D:4      | Reached skill level 1 in Invocations
   795 | D:3      | Reached skill level 1 in Short Blades
   795 | D:3      | Reached skill level 1 in Long Blades
   795 | D:3      | Reached skill level 1 in Axes
   795 | D:3      | Reached skill level 1 in Maces & Flails
   795 | D:3      | Reached skill level 1 in Staves
   795 | D:3      | Reached skill level 1 in Slings
   795 | D:3      | Reached skill level 1 in Bows
   795 | D:3      | Reached skill level 1 in Crossbows
   795 | D:3      | Reached skill level 1 in Throwing
   795 | D:3      | Reached skill level 1 in Armour
   795 | D:3      | Reached skill level 1 in Shields
   795 | D:3      | Reached skill level 1 in Unarmed Combat
   795 | D:3      | Reached skill level 1 in Spellcasting
   795 | D:3      | Reached skill level 1 in Evocations
   971 | D:1      | Found a faded altar of an unknown god.
  1198 | D:1      | Reached XP level 4. HP: 40/41 MP: 5/5
  1904 | D:2      | Noticed a necrophage
  1912 | D:2      | Killed a necrophage
  1913 | D:2      | Reached skill level 1 in Conjurations
  1913 | D:2      | Reached skill level 1 in Hexes
  1913 | D:2      | Reached skill level 1 in Summonings
  1913 | D:2      | Reached skill level 1 in Necromancy
  1913 | D:2      | Reached skill level 1 in Translocations
  1913 | D:2      | Reached skill level 1 in Transmutations
  1913 | D:2      | Reached skill level 1 in Fire Magic
  1913 | D:2      | Reached skill level 1 in Ice Magic
  1913 | D:2      | Reached skill level 1 in Air Magic
  1913 | D:2      | Reached skill level 1 in Earth Magic
  1913 | D:2      | Reached skill level 1 in Poison Magic
  1913 | D:2      | Reached XP level 5. HP: 44/47 MP: 5/7
  2012 | D:2      | Found a basalt altar of Yredelemnul.
  2873 | D:2      | Reached XP level 6. HP: 51/53 MP: 8/8
  3022 | D:3      | Noticed Grinder
  3032 | D:3      | Paralysed by Grinder for 3 turns
  3037 | D:3      | Killed Grinder
  3038 | D:3      | Reached skill level 5 in Polearms
  3038 | D:3      | Reached skill level 5 in Dodging
  3038 | D:3      | Reached XP level 7. HP: 32/59 MP: 8/10
  3343 | D:3      | Found a hazy altar of Hepliaklqana.
  3564 | D:3      | Noticed Jessica
  3570 | D:3      | Killed Jessica
  3620 | D:3      | Found Katedwy's Armour Shoppe.
  4629 | D:5      | Noticed Menkaure
  4639 | D:5      | Killed Menkaure
  4640 | D:5      | Reached skill level 10 in Stealth
  4640 | D:5      | Reached XP level 8. HP: 9/67 MP: 12/12
  5034 | D:5      | Noticed Prince Ribbit
  5042 | D:5      | Banished Prince Ribbit
  5540 | D:5      | Found a staircase to the Ecumenical Temple.
  5546 | Temple   | Entered the Ecumenical Temple
  5598 | Temple   | Became a worshipper of Gozag Ym Sagoz the Greedy
  5686 | D:5      | Found a sparkling altar of Nemelex Xobeh.
  5781 | D:6      | Found a white marble altar of Elyvilon.
  5854 | D:6      | Reached XP level 9. HP: 63/73 MP: 14/14
  6109 | D:3      | Bought a +2 pair of gloves of strength for 279 gold pieces
  6351 | D:6      | Cast into level 2 of the Abyss (unwielding a weapon of
                  | distortion)
  6355 | Abyss:2  | Found a shimmering altar of Xom.
  6357 | D:6      | Escaped the Abyss
  6543 | D:6      | Identified the +10 long sword of Ashoohon {vorpal, SInv}
  6644 | D:6      | Found Moxa's Armour Boutique.
  7439 | D:7      | Noticed Pikel
  7446 | D:7      | Killed Pikel
  7447 | D:7      | Reached skill level 5 in Invocations
  7625 | D:7      | Reached XP level 10. HP: 73/80 MP: 17/17
  7709 | D:7      | Noticed Maggie
  7716 | D:7      | Killed Maggie
  7868 | D:6      | Bought a +2 kite shield for 231 gold pieces
  8042 | D:8      | Found a flagged portal.
  8057 | D:8      | Reached skill level 5 in Short Blades
  8057 | D:8      | Reached skill level 5 in Long Blades
  8057 | D:8      | Reached skill level 5 in Axes
  8057 | D:8      | Reached skill level 5 in Maces & Flails
  8057 | D:8      | Reached skill level 5 in Staves
  8057 | D:8      | Reached skill level 5 in Slings
  8057 | D:8      | Reached skill level 5 in Bows
  8057 | D:8      | Reached skill level 5 in Crossbows
  8057 | D:8      | Reached skill level 5 in Throwing
  8057 | D:8      | Reached skill level 5 in Armour
  8057 | D:8      | Reached skill level 5 in Shields
  8057 | D:8      | Reached skill level 5 in Unarmed Combat
  8057 | D:8      | Reached skill level 5 in Spellcasting
  8057 | D:8      | Reached skill level 5 in Evocations
  8067 | Bailey   | Entered a bailey
  8067 | Bailey   | Noticed an orc knight
  8086 | Bailey   | Killed an orc knight
  9382 | D:8      | Identified the +2 falchion "Ultimatum" {chaos, rElec rF+}
  9655 | D:9      | Reached skill level 11 in Stealth
  9685 | D:9      | Noticed a kobold demonologist
  9690 | D:9      | Killed a kobold demonologist
  9967 | D:9      | Noticed a two-headed ogre
  9981 | D:9      | Killed a two-headed ogre
  9982 | D:9      | Reached XP level 11. HP: 87/87 MP: 19/19
 10015 | D:9      | Noticed a two-headed ogre
 10035 | D:9      | Killed a two-headed ogre
 10036 | D:9      | Reached skill level 5 in Conjurations
 10036 | D:9      | Reached skill level 5 in Hexes
 10036 | D:9      | Reached skill level 5 in Summonings
 10036 | D:9      | Reached skill level 5 in Necromancy
 10036 | D:9      | Reached skill level 5 in Translocations
 10036 | D:9      | Reached skill level 5 in Transmutations
 10036 | D:9      | Reached skill level 5 in Fire Magic
 10036 | D:9      | Reached skill level 5 in Ice Magic
 10036 | D:9      | Reached skill level 5 in Air Magic
 10036 | D:9      | Reached skill level 5 in Earth Magic
 10036 | D:9      | Reached skill level 5 in Poison Magic
 10588 | D:9      | Found a shimmering blue altar of Sif Muna.
 10666 | D:10     | Entered Level 10 of the Dungeon
 11469 | D:10     | Noticed a death yak
 11487 | D:10     | Killed a death yak
 11502 | D:10     | Noticed a death yak
 11570 | D:10     | Noticed a death yak
 11574 | D:10     | Noticed a death yak
 11575 | D:10     | Noticed a death yak
 11651 | D:9      | Killed a death yak
 11780 | D:9      | Killed a death yak
 11837 | D:9      | Killed a death yak
 11941 | D:9      | Killed a death yak
 12371 | D:10     | Found a staircase to the Lair.
 12531 | D:10     | Reached XP level 12. HP: 96/96 MP: 22/22
 12700 | D:10     | Found a burning altar of Makhleb.
 12762 | Lair:1   | Entered Level 1 of the Lair of Beasts
 12791 | Lair:1   | Noticed an eight-headed hydra
 12854 | D:10     | Killed a six-headed hydra
 13636 | Lair:1   | Noticed an eight-headed hydra
 13638 | Lair:1   | Noticed Gastronok
 13689 | Lair:1   | Killed a five-headed hydra
 14113 | Lair:1   | Killed Gastronok
 14692 | Lair:2   | Found a staircase to the Snake Pit.
 15020 | Lair:2   | Noticed a four-headed hydra
 15040 | Lair:2   | Reached skill level 10 in Fighting
 15050 | Lair:2   | Killed a one-headed hydra
 15789 | Lair:2   | Reached skill level 12 in Stealth
 16112 | Lair:3   | Noticed Snorg
 16144 | Lair:3   | Killed Snorg
 16251 | Lair:3   | Reached XP level 13. HP: 72/103 MP: 24/24
 16723 | Lair:3   | Learned a level 3 spell: Mephitic Cloud
 16900 | Lair:3   | Learned a level 4 spell: Olgreb's Toxic Radiance
 16997 | Lair:3   | Learned a level 3 spell: Ignite Poison
 17517 | Lair:3   | Found a staircase to the Shoals.
 19525 | Lair:5   | Identified the +6 hunting sling of Forgiveness {vorpal,
                  | SInv}
 19690 | Lair:5   | Reached XP level 14. HP: 111/111 MP: 26/26
 19741 | Lair:5   | Reached skill level 10 in Polearms
 19741 | Lair:5   | Reached skill level 10 in Dodging
 20351 | Lair:5   | Reached skill level 10 in Invocations
 21072 | Lair:6   | Entered Level 6 of the Lair of Beasts
 21474 | Lair:6   | Reached skill level 13 in Stealth
 21859 | Lair:6   | Found a staircase to the Slime Pits.
 22037 | Lair:6   | Reached XP level 15. HP: 93/119 MP: 28/28
 22940 | D:11     | Found a gate leading to a gauntlet.
 22948 | Gauntlet | Entered a Gauntlet
 22948 | Gauntlet | Found a transporter.
 22951 | Gauntlet | Found a transporter.
 22952 | Gauntlet | Found a transporter.
 22953 | Gauntlet | Found a transporter.
 22956 | Gauntlet | Found a transporter.
 22957 | Gauntlet | Found a transporter.
 22963 | Gauntlet | Found a runed translucent gate.
 22965 | Gauntlet | Found a transporter.
 22966 | Gauntlet | Found a runed translucent gate.
 22967 | Gauntlet | Found a runed translucent gate.
 22974 | Gauntlet | Found a transporter.
 23032 | Gauntlet | Found a transporter.
 23035 | Gauntlet | Found a transporter.
 23037 | Gauntlet | Found a transporter.
 23049 | Gauntlet | Found a transporter.
 23076 | Gauntlet | Found a runed translucent door.
 23130 | Gauntlet | Identified the +2 helmet of the Shoals {-Tele Will++}
 23155 | Gauntlet | Identified the +0 cloak "Gudidos" {rElec rN+ Int-4 Dex+4}
 23179 | Gauntlet | Identified the +2 morningstar of Lirhau Ighox {drain,
                  | rPois}
 23179 | Gauntlet | Identified the amulet "Ydejar" {RegenMP Contam Slay+3 SInv}
 23511 | D:11     | Found a staircase to the Orcish Mines.
 23990 | D:11     | Reached skill level 10 in Short Blades
 23990 | D:11     | Reached skill level 10 in Long Blades
 23990 | D:11     | Reached skill level 10 in Axes
 23990 | D:11     | Reached skill level 10 in Maces & Flails
 23990 | D:11     | Reached skill level 10 in Staves
 23990 | D:11     | Reached skill level 10 in Slings
 23990 | D:11     | Reached skill level 10 in Bows
 23990 | D:11     | Reached skill level 10 in Crossbows
 23990 | D:11     | Reached skill level 10 in Throwing
 23990 | D:11     | Reached skill level 10 in Armour
 23990 | D:11     | Reached skill level 10 in Shields
 23990 | D:11     | Reached skill level 10 in Unarmed Combat
 23990 | D:11     | Reached skill level 10 in Spellcasting
 23990 | D:11     | Reached skill level 10 in Evocations
 24732 | Orc:1    | Entered Level 1 of the Orcish Mines
 25065 | Orc:2    | Entered Level 2 of the Orcish Mines
 25065 | Orc:2    | Found a staircase to the Elven Halls.
 25160 | Orc:2    | Found a radiant altar of Vehumet.
 25284 | Orc:2    | Noticed Erolcha
 25292 | Orc:2    | Killed Erolcha
 25756 | Orc:2    | Noticed Sonja
 25817 | Orc:2    | Killed Sonja
 26260 | Orc:2    | Found Wuefism's Magic Scroll Boutique.
 26263 | Orc:2    | Found Plog's Assorted Antiques.
 26266 | Orc:2    | Found Fif Tysoliy's Antique Weapon Shop.
 26267 | Orc:2    | Found Edagiat's Weapon Boutique.
 26274 | Orc:2    | Bought a scroll labelled ZIECLY OSOFYMO for 32 gold pieces
 26275 | Orc:2    | Bought a scroll of identify for 30 gold pieces
 26275 | Orc:2    | Bought a scroll of identify for 30 gold pieces
 26278 | Orc:2    | Bought a scroll of amnesia for 52 gold pieces
 26278 | Orc:2    | Bought 3 scrolls of summoning for 427 gold pieces
 26278 | Orc:2    | Bought a scroll of brand weapon for 300 gold pieces
 26278 | Orc:2    | Bought a scroll of holy word for 112 gold pieces
 26278 | Orc:2    | Bought a scroll of immolation for 52 gold pieces
 26278 | Orc:2    | Bought a scroll of enchant weapon for 112 gold pieces
 26280 | Orc:2    | Bought a scroll of teleportation for 45 gold pieces
 26280 | Orc:2    | Bought a scroll of teleportation for 45 gold pieces
 26282 | Orc:2    | Bought a scroll of fog for 30 gold pieces
 26282 | Orc:2    | Bought a scroll of holy word for 112 gold pieces
 26282 | Orc:2    | Bought a scroll of summoning for 142 gold pieces
 26283 | Orc:2    | Bought a potion of heal wounds for 160 gold pieces
 26283 | Orc:2    | Bought a scroll of teleportation for 96 gold pieces
 26283 | Orc:2    | Bought a scroll of teleportation for 96 gold pieces
 26283 | Orc:2    | Bought 2 potions of curing for 192 gold pieces
 26283 | Orc:2    | Bought a potion of lignification for 96 gold pieces
 26370 | Orc:1    | Noticed Urug
 26379 | Orc:1    | Killed Urug
 26950 | Orc:2    | Bought a scroll labelled RICEOR XUYXZOU for 44 gold pieces
 26950 | Orc:2    | Bought a scroll of identify for 88 gold pieces
 26950 | Orc:2    | Bought a runed broad axe for 308 gold pieces
 26953 | Orc:2    | Bought a sapphire broad axe for 306 gold pieces
 26953 | Orc:2    | Identified the +1 broad axe of the Lusting Traitor {elec,
                  | +Blink Str+6 Int+4 Dex-3} (You bought it in a shop on level
                  | 2 of the Orcish Mines)
 26956 | Orc:2    | Bought a scroll of identify for 74 gold pieces
 26978 | Orc:2    | Bought a scroll of enchant weapon for 277 gold pieces
 26978 | Orc:2    | Bought a glimmering war axe for 314 gold pieces
 26978 | Orc:2    | Identified the +4 war axe of Iseapuin {holy, rCorr Str+6
                  | Int-5 SInv} (You bought it in a shop on level 2 of the
                  | Orcish Mines)
 26988 | Orc:2    | Bought a shiny kite shield for 247 gold pieces
 27365 | D:12     | Learned a level 2 spell: Passwall
 27460 | D:12     | Found Ynguicom's Book Boutique.
 28444 | D:13     | Noticed Jorgrun
 28458 | D:13     | Killed Jorgrun
 28459 | D:13     | Reached XP level 16. HP: 109/127 MP: 30/30
 29051 | D:13     | Noticed Kirke
 29088 | D:13     | Noticed a sphinx
 29088 | D:13     | Paralysed by a sphinx for 4 turns
 29090 | D:13     | Noticed a sphinx
 29096 | D:13     | Noticed a sphinx
 29398 | D:13     | Killed Kirke
 29771 | D:14     | Found a frozen archway.
 29783 | IceCv    | Entered an ice cave
 29941 | IceCv    | Identified the amulet of Jazuer {RegenMP Regen+ Dex+7}
 30231 | IceCv    | Learned a level 3 spell: Swiftness
 30290 | IceCv    | Identified 5 scrolls of acquirement
 30914 | IceCv    | Identified the +8 dagger of Patterns {flame, rElec Int-5
                  | Dex+7}
 30922 | IceCv    | Identified the ring of Heresy {rC+ Will+}
 31356 | D:14     | Acquired a +1 tower shield of fire resistance
 31368 | D:14     | Acquired the +0 staff of Battle
 31369 | D:14     | Found the +0 staff of Battle
 31369 | D:14     | Acquired the amulet "Rithoovy" {Spirit -Cast rF++ rN+}
 31370 | D:14     | Acquired the ring of the Establishment {Fly EV+4 Str+3
                  | Int+5 Stlth-}
 31371 | D:14     | Acquired 937 gold pieces
 31803 | D:14     | Reached skill level 14 in Stealth
 31969 | D:14     | Found a gate to the Vaults.
 32966 | D:15     | Entered Level 15 of the Dungeon
 33125 | D:15     | Found a staircase to the Depths.
 33539 | D:15     | Reached XP level 17. HP: 117/135 MP: 32/32
 33690 | D:15     | Found a broken altar of Ashenzari.
 34863 | Elf:1    | Entered Level 1 of the Elven Halls
 34887 | Elf:1    | Found a radiant altar of Vehumet.
 35159 | Orc:2    | Bought bloodstained acid dragon scales for 1485 gold pieces
 35159 | Orc:2    | Identified the +4 acid dragon scales "Mukluk" {rPois rF-
                  | Will+ rCorr Dex+3} (You bought it in a shop on level 2 of
                  | the Orcish Mines)
 35287 | Elf:1    | Noticed an Executioner
 36116 | Elf:1    | Identified Cosk's Volume of Supportive Attacks
 36195 | Elf:1    | Identified the +4 long sword of the Extremely Mad {vorpal,
                  | Int+3 Dex+2}
 36247 | Elf:1    | Killed from afar by a deep elf pyromancer

Illustrated notes

Levels and vault maps discovered:
D:1:      dpeg_arrival_signposts, layout_loops_ring,
          chequers_ecumenical_altar_simple, chequers_serial_rivers_large_b
D:2:      minmay_wonky_spiral, layout_basic, basic_altar
D:3:      layout_loops_cross, nzn_hepliaklqana_mist_gate, serial_bayou,
          serial_bayou_ford_a, serial_bayou_shore_b, serial_bayou_pond_b,
          serial_bayou_pond_c, serial_shops, shop, uniq_grinder, uniq_jessica
D:4:      layout_rooms, serial_curves, eino_curves_01, eino_curves_01,
          st_stairs_7, sigmund_army
D:5:      layout_gridville, kennysheep_mini, minmay_temple_entry_fiery,
          nrook_loot_triangle, minmay_misc_feat_columns, uniq_menkaure,
          uniq_prince_ribbit1
D:6:      layout_loops_cross, nicolae_elyvilon_peaceful_grove, serial_shops,
          shop
D:7:      minmay_evil_eye, layout_basic, uniq_maggie, uniq_pikel
D:8:      layout_loops_cross, enter_bailey_5, corexii_checkpoint_b
D:9:      layout_basic, lemuel_blue_sif_altar
D:10:     layout_long_grid, lightli_temple_of_fire, dpeg_lair_monsters
D:11:     layout_grid_maze, orc_0_dummy, gauntlet_entry_generic,
          minmay_fractal_squares_gapless_7
D:12:     layout_irregular_city, serial_shops, shop,
          chequers_serial_rivers_micro_b
D:13:     layout_loops_corners, uniq_jorgrun, uniq_kirke
D:14:     layout_cave_pods, erik_vaults_2, minivault_14, portal_ice_cave_rime,
          grunt_ministairs_15
D:15:     gammafunk_depths_entry_grave, layout_small_grid,
          ashenzari_conservatory_becter
Temple:   minmay_crystal_spiral_temple
Lair:1:   layout_big_grid, serial_bayou_shore_b, uniq_gastronok
Lair:2:   lemuel_slime, layout_small_grid, minmay_snake_entry_guardpost_small,
          lemuel_fruit_tree, grunt_megastairs_3, serial_bayou_shore_b,
          lemuel_fruit_fields
Lair:3:   lemuel_reptile_caves, layout_loops_ring, elwin_shoals_entry_rooms,
          uniq_snorg
Lair:4:   layout_layer_cave, st_stairs_8, serial_bayou_lagoon_a,
          kennysheep_catoblepas_arena
Lair:5:   dpeg_oklob_gauntlet, layout_misc_corridors, fungi_pond_lemuel
Lair:6:   hangedman_lair_in_review, layout_misc_corridors,
          nicolae_slime_entry_slimehenge, nicolae_quartered_pool_medium
Orc:1:    layout_caves, uniq_urug
Orc:2:    st_orc_pillars, layout_caves, basic_altar, uniq_sonja, uniq_erolcha
Elf:1:    eino_elf_arrival_altar, layout_loops_corners, minmay_elf_sorcery,
          nicolae_elf_v_pinch, minmay_fountain_box, hex_medium, minivault_20,
          hangedman_elf_disciples

Skill      XL: |  1  2  3  4  5  6  7  8  9 10 11 12 13 14 15 16 17 |
---------------+----------------------------------------------------+-----
Stealth        | 10 11 12 13 14 | 14.4
Invocations    | 1 2 3 4 5 6 7 8 9 10 11 12 | 12.5
Short Blades   | 1 2 3 4 5 6 7 8 9 10 11 | 11.6
Long Blades    | 1 2 3 4 5 6 7 8 9 10 11 | 11.6
Axes           | 1 2 3 4 5 6 7 8 9 10 11 | 11.6
Maces & Flails | 1 2 3 4 5 6 7 8 9 10 11 | 11.6
Staves         | 1 2 3 4 5 6 7 8 9 10 11 | 11.6
Slings         | 1 2 3 4 5 6 7 8 9 10 11 | 11.6
Bows           | 1 2 3 4 5 6 7 8 9 10 11 | 11.6
Crossbows      | 1 2 3 4 5 6 7 8 9 10 11 | 11.6
Throwing       | 1 2 3 4 5 6 7 8 9 10 11 | 11.6
Armour         | 1 2 3 4 5 6 7 8 9 10 11 | 11.6
Shields        | 1 2 3 4 5 6 7 8 9 10 11 | 11.6
Unarmed Combat | 1 2 3 4 5 6 7 8 9 10 11 | 11.6
Spellcasting   | 1 2 3 4 5 6 7 8 9 10 11 | 11.6
Evocations     | 1 2 3 4 5 6 7 8 9 10 11 | 11.6
Conjurations   | 1 2 3 4 5 6 7 8 9 |  9.9
Hexes          | 1 2 3 4 5 6 7 8 9 |  9.9
Summonings     | 1 2 3 4 5 6 7 8 9 |  9.9
Necromancy     | 1 2 3 4 5 6 7 8 9 |  9.9
Translocations | 1 2 3 4 5 6 7 8 9 |  9.9
Transmutations | 1 2 3 4 5 6 7 8 9 |  9.9
Fire Magic     | 1 2 3 4 5 6 7 8 9 |  9.9
Ice Magic      | 1 2 3 4 5 6 7 8 9 |  9.9
Air Magic      | 1 2 3 4 5 6 7 8 9 |  9.9
Earth Magic    | 1 2 3 4 5 6 7 8 9 |  9.9
Poison Magic   | 1 2 3 4 5 6 7 8 9 |  9.9
Polearms       | 5 6 7 8 9 10 11 12 | 12.3
Dodging        | 5 6 7 8 9 10 11 12 | 12.3
Fighting       | 7 8 9 10 11 12 13 | 13.0

Action                   |  1- 3 |  4- 6 |  7- 9 | 10-12 | 13-15 | 16-18 || total
-------------------------+-------+-------+-------+-------+-------+-------++-------
Melee: Spear             |    30 |       |       |       |       |       ||    30
       Bite              |     3 |     5 |    17 |    49 |   124 |   116 ||   314
       Hand axe          |    24 |    93 |   140 |       |       |       ||   257
       Punch             |       |       |     5 |     1 |       |       ||     6
       Long sword        |       |       |    59 |   376 |   663 |       ||  1098
       Morningstar       |       |       |    12 |       |       |       ||    12
       Trident           |       |       |       |    21 |       |       ||    21
       War axe           |       |       |       |    18 |     1 |       ||    19
       Broad axe         |       |       |       |       |    71 |   559 ||   630
       Unarmed           |       |       |       |       |       |    15 ||    15
 Fire: Hunting sling     |       |       |     7 |    32 |   520 |    57 ||   616
Throw: Boomerang         |       |       |    34 |     2 |    24 |       ||    60
       Dart              |       |       |     3 |    87 |       |       ||    90
       Javelin           |       |       |       |     6 |     6 |     1 ||    13
       Throwing net      |       |       |       |       |     1 |       ||     1
 Cast: Ignite Poison     |       |       |       |       |    21 |       ||    21
       Olgreb's Toxic Ra |       |       |       |       |    16 |       ||    16
       Mephitic Cloud    |       |       |       |       |     6 |       ||     6
Invok: Call Merchant     |       |       |       |       |     4 |     1 ||     5
Evoke: Wand              |       |       |       |    24 |    10 |       ||    34
       Condenser vane    |       |       |       |     2 |     1 |       ||     3
       Lightning rod     |       |       |       |     4 |     1 |       ||     5
  Use: Scroll            |       |       |     7 |     5 |    13 |    11 ||    36
       Potion            |       |       |       |     3 |     4 |     1 ||     8
 Stab: Sleeping          |     3 |     6 |    10 |    13 |     8 |     5 ||    45
       Distracted        |     1 |       |       |     5 |    11 |     9 ||    26
       Petrified         |       |       |       |       |     2 |       ||     2
       Invisible         |       |       |       |       |     2 |       ||     2
Armor: Leather armour    |     5 |       |       |   106 |   178 |       ||   289
       Scale mail        |     9 |    37 |    91 |    16 |       |       ||   153
       Skin              |       |       |       |     6 |       |       ||     6
       Chain mail        |       |       |       |       |    25 |   202 ||   227
       Acid dragon scale |       |       |       |       |       |    22 ||    22
Dodge: Dodged            |    27 |    41 |   129 |   211 |   368 |   328 ||  1104
Block: Kite shield       |       |       |       |   314 |   578 |   184 ||  1076
       Tower shield      |       |       |       |       |       |   373 ||   373
       Rpst.: Long sword |       |       |    11 |    59 |    67 |       ||   137

Table legend: (Time is in decaauts)
 A = Elapsed time spent in this place.
 B = Non-inter-level travel time spent in this place.
 C = Inter-level travel time spent in this place.
 D = Time resting spent in this place.
 E = Time spent auto-exploring this place.
 F = Levels seen in this place.
 G = Mean time per level.
                   A        B        C        D        E       F      G
               +--------+--------+--------+--------+--------+-----+--------+
         Total |  36627 |  34775 |   1852 |   2290 |  25284 |  29 | 1263.0 |
       Dungeon |  20365 |  19379 |    986 |   1841 |  14068 |  15 | 1357.7 |
        Temple |     89 |     52 |     37 |      0 |     44 |   1 |   89.0 |
          Lair |   9725 |   9361 |    364 |     29 |   7371 |   6 | 1620.8 |
  Orcish Mines |   2456 |   2020 |    436 |      7 |   1320 |   2 | 1228.0 |
   Elven Halls |   1254 |   1227 |     27 |      4 |    914 |   1 | 1254.0 |
         Abyss |      5 |      5 |      0 |      0 |      0 |   1 |    5.0 |
        Bailey |    964 |    964 |      0 |    408 |    275 |   1 |  964.0 |
      Ice Cave |   1419 |   1419 |      0 |      0 |   1076 |   1 | 1419.0 |
      Gauntlet |    347 |    347 |      0 |      0 |    214 |   1 |  347.0 |
               +--------+--------+--------+--------+--------+-----+--------+

Top non-repeatable levels by time:
    D:10: 1931 daAuts
  Lair:2: 1874 daAuts
    D:13: 1832 daAuts
  Lair:4: 1819 daAuts
    D:15: 1814 daAuts
  Lair:3: 1779 daAuts
   Orc:2: 1726 daAuts
     D:9: 1665 daAuts
  Lair:5: 1609 daAuts
    D:11: 1596 daAuts
  Lair:6: 1553 daAuts
    D:12: 1523 daAuts
     D:4: 1488 daAuts
   IceCv: 1419 daAuts
     D:3: 1395 daAuts
